 Dungeon Crawl Stone Soup version 0.17-a0-1404-gb8113a6 (webtiles) character file.

2764 wvc the Cruncher (level 9, -13/61 HPs)
             Began as a Mummy Gladiator on June 21, 2015.
             Was a Follower of Ashenzari.
             Killed by divine providence
             ... invoked by an orc priest
              (15 damage)
             ... on level 8 of the Dungeon.
             The game lasted 00:19:33 (7295 turns).

wvc the Cruncher (Mummy Gladiator)                  Turns: 7295, Time: 00:19:33

Health: -13/61     AC:  7    Str: 18    XL:     9   Next: 42%
Magic:  0/9        EV: 12    Int: 10    God:    Ashenzari [*.....]
Gold:   197        SH:  0    Dex: 13    Spells: 0 memorised, 8 levels left

rFire  x . .     SeeInvis .     a - +0 quarterstaff (curse)
rCold  + . .     Clarity  .     j - +0 troll leather armour (curse)
rNeg   + + +     SustAt   .     (no shield)
rPois  ∞         Gourm    .     e - +2 hat {Spirit}
rElec  .         Spirit   +     g - +0 cloak (curse)
rCorr  .         Warding  +     (no gloves)
rMut   .         Stasis   .     (no boots)
MR     +....                    f - amulet of warding
Stlth  +.........               (no ring)
                                o - ring of wizardry

@: about to teleport, very slightly contaminated, somewhat resistant to hostile
enchantments, very unstealthy
A: no food or potions, fire vulnerability, cold resistance 1, negative energy
resistance 3, torment resistance, unbreathing
a: Renounce Religion


You were on level 8 of the Dungeon.
You worshipped Ashenzari.
Ashenzari was aware of your devotion.
You were not hungry.

You visited 2 branches of the dungeon, and saw 9 of its levels.
You also visited: Sewer.

You collected 486 gold pieces.
You spent 289 gold pieces at shops.

Inventory:

Hand weapons
 a - a cursed +0 quarterstaff (weapon)
Missiles
 b - 21 poisoned needles
 d - 6 tomahawks of returning (quivered)
Armour
 e - a +2 hat of spirit shield (worn)
 g - a cursed +0 cloak (worn)
 j - a cursed +0 troll leather armour (worn)
Jewellery
 f - an amulet of warding (around neck)
 o - a ring of wizardry (left hand)
 t - an uncursed ring of stealth
Magical devices
 c - a wand of magic darts (20)
 n - a wand of paralysis (2)
Scrolls
 h - 3 scrolls of identify
 i - a scroll of amnesia
 k - 3 scrolls of magic mapping
 m - a scroll of teleportation
 q - 2 scrolls of curse jewellery
 r - a scroll of immolation
 s - a scroll of remove curse
Books
 l - a book of Maledictions

   Spells                             Type                      Level
   a - Corona                         Hexes                        1
   b - Ensorcelled Hibernation        Hexes/Ice                    2
   c - Confuse                        Hexes                        3
   d - Tukima's Dance                 Hexes                        3
   e - Dazzling Spray                 Conjuration/Hexes            3


   Skills:
 - Level 2.0 Fighting
 + Level 10.8 Staves
 - Level 1.5 Throwing
 - Level 2.0 Armour
 - Level 2.4 Dodging
 + Level 0.8 Evocations


You had 8 spell levels left.
You didn't know any spells.

Dungeon Overview and Level Annotations

Branches:
Dungeon (8/15)             Temple (1/1) D:5
   Lair: D:8-11

Altars:
Ashenzari
Cheibriados
Dithmenos
Elyvilon
Fedhas
Gozag
Kikubaaqudgha
Makhleb
Nemelex Xobeh
Okawaru
Qazlal
Ru
Sif Muna
Trog
Vehumet
Xom
Yredelemnul
Zin
The Shining One

Shops:
D:5 [   D:7 *=?}

Annotations:
D:5 Blork the orc
D:8 exclusion: plant


Innate Abilities, Weirdness & Mutations

You do not eat or drink.
Your flesh is vulnerable to fire.
You are immune to poison.
Your flesh is cold resistant.
You are immune to negative energy.
You are immune to unholy pain and torment.
You can survive without breathing.


Message History

As you read the scroll of blinking, it crumbles to dust. 3 orcs, an orc warrior, an orc priest and an orc wizard come into view.
The orc shouts!
The orc warrior shouts!
The orc shouts!
The orc priest shouts!
The orc priest mumbles some strange prayers to Beogh against you.
You are unaffected.
An electric eel comes into view.
Read which item? (? for menu, Esc to quit)
As you read the scroll of teleportation, it crumbles to dust.
You feel strangely unstable.
The electric eel shoots out a bolt of lightning at you!
The bolt of electricity hits the plant.
The bolt of electricity hits you!
* * * LOW HITPOINT WARNING * * *
The bolt of electricity hits the orc.
The orc dies!
The orc wizard shouts!
The orc wizard gestures wildly while chanting.
The orc wizard blinks!
The orc priest mumbles some strange prayers to Beogh against you.
Something smites you!
You die...

≈♣♣♣PPPP#
#o....... ####
#........ #..o#
#=....... P....
#.......♣
≈PPPo.#y.....♣♣
♣;≈P.o+..>...♣
PPP≈......).♣♣♣
#.)o.....
#@.....P.
#....P.≈P
###..≈P.≈
oP≈♣≈≈ .PP≈≈≈
.≈P≈≈ .♣≈≈≈ ≈≈≈


You could see an orc warrior, a killer bee, an orc priest, an orc wizard and 2
orcs.

Vanquished Creatures
  A kobold demonologist (D:6)
  A human (D:7)
  Menkaure (D:7)
  A water moccasin (D:7)
  An orc warrior (D:7)
  Purgy (Sewer)
  A necrophage (D:7)
  5 ogres
  2 centaurs
  A crocodile (D:8)
  3 giant frogs
  A scorpion (D:5)
  2 crimson imps
  6 orc priests
  A centaur zombie (D:6)
  A jelly (D:6)
  An iguana (D:6)
  3 hounds
  An orc wizard (D:6)
  2 worker ants (D:6)
  3 sheep (D:7)
  9 gnolls
  7 adders
  2 adder skeletons
  6 worms
  9 giant geckos
  28 orcs
  2 bat skeletons (D:6)
  11 hobgoblins
  9 jackals
  2 quokkas
  4 ball pythons
  15 bats
  8 giant cockroaches
  A giant gecko skeleton (D:4)
  9 giant newts
  17 goblins
  3 kobolds
  15 rats
196 creatures vanquished.

Vanquished Creatures (others)
  An orc (D:8)
1 creature vanquished.

Grand Total: 197 creatures vanquished

Notes
Turn   | Place    | Note
--------------------------------------------------------------
     0 | D:1      | wvc the Mummy Gladiator began the quest for the Orb.
     0 | D:1      | Reached XP level 1. HP: 16/16 MP: 1/1
   399 | D:1      | Reached XP level 2. HP: 20/22 MP: 2/2
   454 | D:1      | Reached skill level 3 in Staves
   764 | D:1      | Reached XP level 3. HP: 25/27 MP: 3/3
  1142 | D:2      | Reached skill level 1 in Armour
  1458 | D:2      | Found a sparkling altar of Nemelex Xobeh.
  1570 | D:2      | Reached XP level 4. HP: 14/33 MP: 4/4
  2214 | D:3      | Reached skill level 4 in Staves
  2270 | D:3      | Reached XP level 5. HP: 38/38 MP: 5/5
  2662 | D:3      | Found a glowing golden altar of the Shining One.
  2881 | D:3      | Found a glowing drain.
  2885 | Sewer    | Entered a sewer
  3026 | Sewer    | Noticed Purgy
  3046 | Sewer    | Killed Purgy
  3046 | Sewer    | Reached skill level 5 in Staves
  3046 | Sewer    | Reached XP level 6. HP: 15/44 MP: 6/6
  3183 | D:4      | Got a crude long sword
  3440 | D:4      | Identified the +1 long sword "Nonuk" {freeze, rElec} (You found it on level 4 of the Dungeon)
  3784 | D:4      | HP: 2/44 [orc priest/falchion (3)]
  3785 | D:4      | Reached skill level 6 in Staves
  3956 | D:4      | Reached XP level 7. HP: 50/50 MP: 7/7
  4071 | D:5      | Entered Level 5 of the Dungeon
  4076 | D:5      | Found a staircase to the Ecumenical Temple.
  4098 | D:5      | Got a bloodstained chain mail
  4113 | Temple   | Entered the Ecumenical Temple
  4180 | Temple   | Identified the +7 chain mail of the Pleiades {rN+ rCorr Int-2} (You found it on level 5 of the Dungeon)
  4180 | Temple   | Became a worshipper of Ashenzari the Shackled
  4337 | D:5      | Found Niliet's Armour Boutique.
  4345 | D:5      | Bought a +2 hat of spirit shield for 224 gold pieces
  4482 | D:5      | Reached skill level 7 in Staves
  4711 | D:5      | Noticed Blork the orc
  4733 | D:5      | Found a deep blue altar of Sif Muna.
  4916 | D:6      | Noticed a kobold demonologist
  4933 | D:6      | Noticed a blue devil
  4934 | D:6      | Noticed a smoke demon
  4957 | D:6      | Killed a kobold demonologist
  4957 | D:6      | Reached skill level 8 in Staves
  4957 | D:6      | Reached XP level 8. HP: 14/56 MP: 1/8
  5032 | D:6      | Found a sacrificial altar of Ru.
  5439 | D:6      | Reached skill level 9 in Staves
  5549 | D:6      | Found a blossoming altar of Fedhas.
  5586 | D:6      | Found an iron altar of Okawaru.
  5919 | D:7      | Found Koegeat's Gadget Shoppe.
  5978 | D:7      | Found Suixysowk's Magic Scroll Shop.
  5981 | D:7      | Bought a scroll of remove curse for 39 gold pieces
  5981 | D:7      | Noticed Menkaure
  6001 | D:7      | Killed Menkaure
  6006 | D:7      | Reached XP level 9. HP: 57/61 MP: 9/9
  6044 | D:7      | Found a snail-covered altar of Cheibriados.
  6160 | D:7      | Reached skill level 10 in Staves
  6271 | D:7      | Found Oreoppev's Assorted Antiques.
  6279 | D:7      | Bought a scroll labeled WIPOLE MIXUQATZ for 26 gold pieces
  6350 | D:7      | Found Wynet's Jewellery Boutique.
  7292 | D:8      | HP: 3/61 [killer bee (2)]
  7294 | D:8      | HP: 1/61 [electric eel/bolt of electricity (3)]
  7295 | D:8      | Killed from afar by an orc priest

Vault maps used:
D:1:      saegor_arrival_simple_c
D:2:      nemelex_altar_shiori, first_bread, wad_floor_pattern_untrapped
D:3:      lemuel_doored_altar, gup_sewer_entry_spiral
D:5:      tgw_sif, minmay_temple_entry_junction2, serial_shops, shop
D:6:      old_standard_altar, kennysheep_mini, okawaru_gym_becter
D:7:      serial_shops, shop_statue, shop, shop, nicolae_shop_behind_doors,
          grunt_livestock, minivault_26, cheibrodos_worm_habitat, uniq_menkaure
D:8:      serial_bayou, serial_bayou_pond_e, serial_bayou_lagoon_a,
          serial_bayou_pond_b, serial_bayou_pond_d, serial_bayou_lake_a,
          serial_bayou_pond_d
Temple:   circular_temple_12
Sewer:    sewer_big_baddie

Action                   |  1- 3 |  4- 6 |  7- 9 || total
-------------------------+-------+-------+-------++-------
Melee: Quarterstaff      |   151 |   310 |   469 ||   930
Throw: Throwing net      |       |     3 |     3 ||     6
Evoke: Wand              |       |       |     4 ||     4
  Use: Scroll            |       |     9 |    13 ||    22
 Stab: Held in net/web   |       |       |     1 ||     1
       Paralysed         |       |       |     9 ||     9
